 Dungeon Crawl Stone Soup version 0.31-a0-986-g5e6e4ef867 (webtiles) character file.

Game seed: 15724044731734861727

4189 Firecrotchwizard the Grappler (level 10, -3/100 HPs)
             Began as a Troll Fighter on Nov 11, 2023.
             Was an Elder of Okawaru.
             Slain by an orc warrior
             ... wielding a +0 flail
              (10 damage)
             ... on level 8 of the Dungeon.
             The game lasted 00:18:13 (8050 turns).

Firecrotchwizard the Grappler (Troll Fighter)       Turns: 8050, Time: 00:18:14

Health: -3/100     AC: 10    Str: 28    XL:     10   Next: 8%
Magic:  9/11       EV: 12    Int:  6    God:    Okawaru [****..]
Gold:   368        SH: 11    Dex: 15    Spells: 9/9 levels left

rFire   . .          .
                       - Unarmed
rCold   + . .        b - +0 kite shield
rNeg    . . .        E - +0 acid dragon scales
rPois   .            (helmet restricted)
rElec   .            (no cloak)
rCorr   +            (gloves unavailable)
SInv    .            (boots unavailable)
Will    .....        (no amulet)
Stlth   +++          r - ring of protection from cold
HPRegen 1.16/turn    v - +6 ring of dexterity
MPRegen 0.12/turn

%: no passive effects
@: heroic, studying Unarmed Combat
A: large, unfitting armour, claws 3, regeneration 1, shaggy fur 1, tough skin 1
a: Renounce Religion, Heroism, Finesse


You were on level 8 of the Dungeon.
You worshipped Okawaru.
Okawaru was greatly pleased with you.
You visited 2 branches of the dungeon, and saw 10 of its levels.

You collected 368 gold pieces.

Inventory:

Missiles
 t - 5 poisoned darts
 C - 2 throwing nets {@!f}
Armour
 a - a +0 robe
 b - a +0 kite shield (worn)
 A - +0 fire dragon scales
 E - +0 acid dragon scales (worn)
Jewellery
 n - a ring of wizardry
 r - a ring of protection from cold (left claw)
 v - a +6 ring of dexterity (right claw)
Wands
 B - a wand of iceblast (7)
 D - a wand of polymorph (11)
Scrolls
 d - 2 scrolls of amnesia
 f - a scroll of fog
 h - 2 scrolls of immolation
 i - 3 scrolls of identify
 z - 2 scrolls of teleportation {unknown}
Potions
 c - 2 potions of might
 g - 2 potions of attraction
 j - 3 potions of degeneration {unknown}
 m - 2 potions of brilliance {unknown}
 o - 2 potions of curing {unknown}
 p - 2 potions of invisibility {unknown}
 q - a potion of resistance {unknown}
 s - a potion of haste {unknown}
 w - a potion of heal wounds {unknown}
 x - a potion of berserk rage {unknown}


   Skills:
 - Level 6.8(11.8) Fighting
 + Level 4.8(9.8) Armour
 - Level 2.4(7.4) Dodging
 + Level 4.9(9.9) Shields
 - Level 12.0(17.0) Unarmed Combat
 - Level 3.6 Invocations


You had 9 spell levels left.
You didn't know any spells.
Your spell library contained the following spells:

 Spells                   Type           Power      Damage    Failure   Level
 Kiss of Death            Conj/Necr      0%         2d5       67%         1
 Confusing Touch          Hex            0%         N/A       96%         3
 Dispel Undead            Necr           0%         3d6       100%        4


Dungeon Overview and Level Annotations

Branches:
Dungeon (9/15)             Temple (1/1) D:4            Lair (0/5) D:9
    Orc: D:9-12

Altars:
Ashenzari
Cheibriados
Dithmenos
Elyvilon
Fedhas
Gozag
Hepliaklqana
Kikubaaqudgha
Makhleb
Nemelex Xobeh
Okawaru
Qazlal
Ru
Sif Muna
Trog
Uskayaw
Vehumet
Wu Jian
Xom
Yredelemnul
Zin
The Shining One

Shops:
D:7 =

Annotations:
D:5 exclusion: centaur
D:6 3 runed translucent doors, Frenzy's ghost, novice DsNe; wildpjah's ghost, novice BaFi
D:8 Jeremiah


Innate Abilities, Weirdness & Mutations

You are too large for most types of armour.
You have claws for hands.
Your natural rate of healing is unusually fast.
You are covered in fur. (AC +1)
You have tough skin. (AC +1)


Message History

You kill the kobold!
t - 5 poisoned darts (gained 3)
Items here: ))) [ ††.
There is a stone staircase leading down, spattered with blood here.
You see here a wolf corpse.
You start resting.
HP restored.
Okay, then.
As you read the scroll labelled MIXAOS LEYTA, it crumbles to dust.
It is a scroll of amnesia.
You feel forgetful for a moment.
As you read the scroll labelled WIAPOE ANTOS, it dissolves into smoke.
It was a scroll of fog.
f - a scroll of fog;
e - a scroll labelled DAATARGH UPNAG
As you read the scroll labelled DAATARGH UPNAG, it crumbles to dust.
You feel aware of your surroundings.
It was a scroll of revelation.
Found an escape hatch in the ceiling.
As you read the scroll labelled ZEUQEO SOHYL, it crumbles to dust.
The air around you briefly surges with heat, but it dissipates.
It was a scroll of immolation.
As you read the scroll labelled HIHYFEAQUA, it crumbles to dust.
It is a scroll of identify.
g - 2 potions of attraction;
i - 3 scrolls of identify;
j - 3 clear potions Nothing appears to happen.
As you read the scroll labelled USOHUU MUGROA, it crumbles to dust.
It was a scroll of poison.
As you read the scroll labelled KYSOGU ONUF, it crumbles to dust.
It is a scroll of enchant weapon.
You aren't carrying any weapons that can be enchanted.
As you read the scroll labelled EWNAEM UTRITT, it crumbles to dust.
Your body is wracked with pain!
It was a scroll of torment.
Blink to where?
Press: ? - help, Dir - move target, f - you
Okay, then.
As you read the scroll labelled ANIOF JOLESIP, it crumbles to dust.
It was a scroll of blinking.
You start resting.
HP restored.
You climb downwards.
The troll barely misses you. The troll claws you. You block the troll's attack.
The orc warrior hits you but does no damage.
The ice beast hits you but does no damage.
An orc comes into view. It is wielding a +0 mace.
The orc warrior hits you with a +0 flail.
You block the troll's attack. The troll claws you!
You block the troll's attack. The ice beast barely misses you.
There is a stone staircase leading up, spattered with blood here.
You block the orc warrior's attack. The troll bites you but does no damage.
The troll claws you but does no damage. x2; You block the ice beast's attack.
You climb upwards.
Level annotation: Jeremiah
There is a stone staircase leading down, spattered with blood here.
You see here a wolf corpse.
You closely miss the troll. The orc warrior barely misses you.
You block the troll's attack. x2; The troll claws you.
You claw the troll!
The troll is moderately wounded.
You block the orc warrior's attack. The troll bites you.
The troll closely misses you. The troll claws you!
You closely miss the troll.
The troll is moderately wounded.
The troll bites you but does no damage. The troll barely misses you.
The troll misses you.
The orc warrior hits you with a +0 flail!
You scratch the troll.
The troll is moderately wounded.
The orc warrior barely misses you. The troll bites you. The troll claws you.
The troll closely misses you.
You claw the troll!
The troll is heavily wounded.
You closely miss the troll.
The troll is heavily wounded.
The orc warrior hits you with a +0 flail!
The troll bites you!
* * * LOW HITPOINT WARNING * * *
The troll claws you!
* * * LOW HITPOINT WARNING * * *
The troll claws you but does no damage.
You closely miss the troll.
The troll is heavily wounded.
The orc warrior hits you with a +0 flail.
* * * LOW HITPOINT WARNING * * *
You block the troll's attack. The troll closely misses you.
The troll claws you!
* * * LOW HITPOINT WARNING * * *
You gain the combat prowess of a mighty hero.
You block the orc warrior's attack. The troll bites you.
* * * LOW HITPOINT WARNING * * *
The troll claws you.
* * * LOW HITPOINT WARNING * * *
The troll closely misses you.
You barely miss the troll.
The troll is heavily wounded.
The orc warrior closely misses you. You block the troll's attack.
The troll barely misses you. The troll claws you!
* * * LOW HITPOINT WARNING * * *
You completely miss the troll.
The troll is heavily wounded.
The orc warrior hits you with a +0 flail!
You die...

.#.# #..,,,,,* .#.#
########.#####.* ...#
########.#####.* .######
###.........##.*
#.....#####...##...§....*
#.###.........##.(##.#..#
#.# #######...##).).....#
#.# #######T##..#.## #.#
#######@##.##.#
#<##############o##.##.#
#..............#Y.....<#
...####........####.####
...####........####.####
..<[...........####.####
...#.##........####.####
...............####...##
.....###....,,,* ***,*


You could see a troll, an orc warrior and an ice beast.

Vanquished Creatures
  Joseph (D:8)
  Maggie (D:8)
  A rime drake (D:8)
  Prince Ribbit (D:5)
  A wraith (D:8)
  2 steam dragons (D:7)
  Duvessa (D:5)
  2 orc warriors
  2 sky beasts (D:7)
  An ice beast (D:8)
  2 ogres
  3 centaurs
  3 wolves
  3 kobold brigands
  A bullfrog (D:6)
  5 scorpions
  4 wights (D:8)
  Dowan (D:5)
  2 orc priests
  A gnoll bouda (D:6)
  3 hounds
  A jelly (D:6)
  An iguana (D:6)
  4 orc wizards
  5 gnolls (D:6)
  11 adders
  A shadow imp (D:6)
  A white imp (D:6)
  4 ufetubi
  2 worms (D:3)
  A dart slug (D:5)
  21 orcs
  6 ball pythons
  10 endoplasms
  6 giant cockroaches
  12 goblins
  16 hobgoblins
  A quokka (D:3)
  12 bats
  26 kobolds
  6 rats
188 creatures vanquished.

Vanquished Creatures (others)
  An orc wizard (D:8)
1 creature vanquished.

Grand Total: 189 creatures vanquished

Notes
Turn   | Place    | Note
-------+----------+-------------------------------------------
     0 | D:1      | Firecrotchwizard the Troll Fighter began the quest for the
                  | Orb.
     0 | D:1      | Reached XP level 1. HP: 22/22 MP: 0/0
    89 | D:1      | Reached XP level 2. HP: 29/29 MP: 1/1
   263 | D:1      | Reached skill level 3 in Unarmed Combat
   295 | D:1      | Reached XP level 3. HP: 35/36 MP: 2/2
   688 | D:1      | Found a shimmering altar of Xom.
  1160 | D:2      | Reached XP level 4. HP: 45/45 MP: 3/3
  1635 | D:3      | Reached skill level 4 in Unarmed Combat
  1832 | D:3      | Reached XP level 5. HP: 53/53 MP: 4/4
  2035 | D:3      | Found a blossoming altar of Fedhas.
  2518 | D:4      | Reached skill level 5 in Unarmed Combat
  2670 | D:4      | Found a staircase to the Ecumenical Temple.
  2677 | Temple   | Entered the Ecumenical Temple
  2695 | Temple   | Became a worshipper of Warmaster Okawaru
  2755 | D:4      | Reached XP level 6. HP: 62/62 MP: 5/5
  2970 | D:5      | Entered Level 5 of the Dungeon
  2984 | D:5      | Noticed Dowan
  3003 | D:5      | Killed Dowan
  3517 | D:5      | Reached skill level 6 in Unarmed Combat
  3758 | D:5      | Noticed Prince Ribbit
  3769 | D:5      | HP: 3/62 [Prince Ribbit (12)]
  3770 | D:5      | Killed Prince Ribbit
  3770 | D:5      | Reached * piety under Okawaru
  3771 | D:5      | Reached skill level 7 in Unarmed Combat
  3771 | D:5      | Reached XP level 7. HP: 5/71 MP: 6/6
  3958 | D:5      | Reached skill level 8 in Unarmed Combat
  3990 | D:5      | Noticed Duvessa
  3996 | D:5      | Killed Duvessa
  4192 | D:6      | Found a runed translucent gate.
  4192 | D:6      | Found a runed translucent gate.
  4192 | D:6      | Found a runed translucent gate.
  4211 | D:6      | Noticed wildpjah's ghost (novice BaFi)
  4211 | D:6      | Noticed Frenzy's ghost (novice DsNe)
  4220 | D:6      | Reached skill level 1 in Invocations
  4264 | D:6      | Reached skill level 9 in Unarmed Combat
  4390 | D:6      | Found a hazy altar of Hepliaklqana.
  4436 | D:6      | Reached skill level 5 in Fighting
  4436 | D:6      | Reached XP level 8. HP: 80/80 MP: 8/8
  4466 | D:6      | Found an ornate altar of the Wu Jian Council.
  4559 | D:6      | Found a bloodstained altar of Trog.
  4589 | D:6      | Reached ** piety under Okawaru
  4590 | D:6      | Reached skill level 10 in Unarmed Combat
  4966 | D:7      | Reached skill level 11 in Unarmed Combat
  5389 | D:7      | Found Haehaog's Jewellery Boutique.
  5603 | D:7      | Reached *** piety under Okawaru
  5604 | D:7      | Reached XP level 9. HP: 83/89 MP: 10/10
  5827 | D:7      | Reached skill level 12 in Unarmed Combat
  5937 | D:7      | Found a hide-covered altar of Uskayaw.
  6086 | D:8      | Noticed Jeremiah
  6100 | D:8      | Reached skill level 1 in Armour
  7531 | D:8      | Noticed Joseph
  7540 | D:8      | Killed Joseph
  7621 | D:8      | Noticed Maggie
  7632 | D:8      | Killed Maggie
  7870 | D:8      | Reached **** piety under Okawaru
  7903 | D:9      | Noticed a rime drake
  7909 | D:9      | Found a staircase to the Lair.
  7909 | D:9      | Noticed a troll
  7922 | D:8      | Killed a rime drake
  7923 | D:8      | Reached XP level 10. HP: 66/100 MP: 11/11
  8050 | D:8      | Slain by an orc warrior

Illustrated notes

Levels and vault maps discovered:
D:1:      dpeg_arrival_water_altar, layout_basic, minmay_close_crescents
D:2:      layout_basic, serial_bayou, serial_bayou_pond_a,
          serial_bayou_crossing, serial_bayou_shore_a, serial_bayou_pond_a,
          minmay_fractal_squares_5
D:3:      layout_basic, nicolae_overflow_crystal_walls
D:4:      layout_gridville, minmay_temple_entry_mist
D:5:      layout_loops_ring, kb_lookout_dungeons_type, uniq_duvessa,
          uniq_prince_ribbit1
D:6:      layout_basic, lemuel_tele_altar, general_overflow_altar,
          trog_butcher_becter, gammafunk_ghost_cemetery
D:7:      layout_layer_cave, lemuel_coloured_pillars_altar, serial_shops,
          nicolae_shop_peninsula
D:8:      layout_loops_cross, chequers_serial_rivers_small_a, minmay_puff,
          uniq_jeremiah, uniq_joseph, uniq_maggie
D:9:      layout_rooms, kennysheep_mini_moat, hellmonk_lair_entry_icy,
          roderic_batcave
Temple:   nicolae_temple_superstar

Skill      XL: |  1  2  3  4  5  6  7  8  9 |
---------------+----------------------------+-----
Unarmed Combat | 3 4 5 7 9 11 12 | 12.0
Fighting       | 3 4 5 6 |  6.8
Invocations    | 1 3 |  3.6
Armour         | 4 |  4.8
Shields        | 4 |  4.9
Dodging        | |  2.4

Action                     |  1- 3 |  4- 6 |  7- 9 | 10-12 || total
---------------------------+-------+-------+-------+-------++-------
  Melee: Unarmed           |   100 |   189 |   234 |    25 ||   548
 Invoke: Heroism           |       |       |       |     1 ||     1
  Evoke: Wand              |       |       |     3 |       ||     3
    Use: Scroll            |       |       |       |     9 ||     9
   Stab: Sleeping          |       |     1 |       |       ||     1
 Armour: Robe              |    61 |   102 |    35 |       ||   198
         Fire dragon scale |       |       |   101 |       ||   101
         Acid dragon scale |       |       |    46 |    40 ||    86
  Dodge: Dodged            |    29 |    67 |    76 |    20 ||   192
  Block: Kite shield       |    37 |    59 |   107 |    23 ||   226

Table legend: (Time is in decaauts)
 A = Elapsed time spent in this place.
 B = Non-inter-level travel time spent in this place.
 C = Inter-level travel time spent in this place.
 D = Time resting spent in this place.
 E = Time spent auto-exploring this place.
 F = Levels seen in this place.
 G = Mean time per level.
                   A        B        C        D        E       F      G
               +--------+--------+--------+--------+--------+-----+--------+
         Total |   8057 |   7742 |    315 |   1787 |   4696 |  10 |  805.7 |
       Dungeon |   8020 |   7740 |    280 |   1787 |   4696 |   9 |  891.1 |
        Temple |     36 |      1 |     35 |      0 |      0 |   1 |   36.0 |
               +--------+--------+--------+--------+--------+-----+--------+

Top non-repeatable levels by time:
     D:7: 2453 daAuts
     D:5: 1221 daAuts
     D:3: 914 daAuts
     D:2: 913 daAuts
     D:6: 758 daAuts
     D:1: 706 daAuts
     D:8: 600 daAuts
     D:4: 412 daAuts
     D:9: 40 daAuts
  Temple: 36 daAuts
